 Dungeon Crawl Stone Soup version 0.29.1-12-g30fa7ad0bf (webtiles) character file.

Game seed: 2428638559516188439

89 booth the Chopper (level 4, 0/34 HPs)
             Began as a Demonspawn Gladiator on Dec 25, 2022.
             Slain by a gnoll
             ... wielding a +0 halberd
              (10 damage)
             ... on level 2 of the Dungeon.
             The game lasted 00:08:37 (1525 turns).

booth the Chopper (Demonspawn Gladiator)            Turns: 1525, Time: 00:08:38

Health: 0/34       AC:  4    Str: 14    XL:     4   Next: 31%
Magic:  4/4        EV: 12    Int: 11    God:
Gold:   15         SH:  0    Dex: 15    Spells: 3/3 levels left

rFire   . . .      SeeInvis .   a - +0 war axe
rCold   + . .      Faith    .   (no shield)
rNeg    . . .      Spirit   .   h - +0 leather armour {rC+}
rPois   .          Reflect  .   (helmet restricted)
rElec   .          Harm     .   (no cloak)
rCorr   .          Rampage  .   c - +0 pair of gloves
Will    .....                   (no boots)
Stlth   +.........              (no amulet)
HPRegen 0.11/turn               (no ring)
MPRegen 0.09/turn               (no ring)

@: no status effects
A: antennae 1, ignite blood 1
a: no special abilities


You were on level 2 of the Dungeon.
You visited 1 branch of the dungeon, and saw 2 of its levels.

You collected 15 gold pieces.

Inventory:

Hand Weapons
 a - a +0 war axe (weapon)
 k - a +0 flail
Missiles
 d - 3 throwing nets (quivered)
 e - a javelin
Armour
 c - a +0 pair of gloves (worn)
 h - a +0 leather armour of cold resistance (worn)
Scrolls
 f - a scroll of vulnerability
 i - 2 scrolls of teleportation
Potions
 g - a potion of heal wounds {unknown}
 j - a potion of curing {unknown}


   Skills:
 + Level 2.4 Fighting
 + Level 3.7 Axes
 + Level 2.0 Throwing
 + Level 1.1 Armour
 + Level 3.2 Dodging


You had 3 spell levels left.
You didn't know any spells.
Your spell library was empty.

Dungeon Overview and Level Annotations

Branches:
Dungeon (2/15)

Altars:
Yredelemnul

Shops:
D:2 *:


Innate Abilities, Weirdness & Mutations

You have a pair of small antennae on your head.
Your demonic aura sometimes causes spilled blood to erupt in flames.


Message History

You hit the adder.
The adder is moderately wounded.
The adder bites you. x2
You slash the adder!
The adder is almost dead.
The adder barely misses you.
You slash the adder!
You kill the adder!
An orc comes into view. It is wielding a +0 mace.
The orc shouts!
A bat comes into view.
You barely miss the orc. The orc misses you. The orc hits you with a +0 mace.
You slash the orc!
You kill the orc!
Things that are here:
a +0 mace; a +0 leather armour; an orc corpse
Found a stone staircase leading up.
The bat barely misses you.
You hit the bat.
You kill the bat!
A gnoll comes into view. It is wielding a +1 whip of freezing.
You completely miss the gnoll. The gnoll closely misses you.
The gnoll barely misses you.
You hit the gnoll.
The gnoll is lightly wounded.
The gnoll closely misses you.
You barely miss the gnoll.
The gnoll is lightly wounded.
A gnoll comes into view. It is wielding a +0 halberd.
The gnoll hits you with a +1 whip of freezing.
The gnoll freezes you.
You completely miss the gnoll.
The gnoll is lightly wounded.
The gnoll barely misses you.
The gnoll hits you with a +1 whip of freezing.
The gnoll freezes you.
* * * LOW HITPOINT WARNING * * *
You hit the gnoll.
The gnoll is moderately wounded.
The gnoll hits you from afar with a +0 halberd!
You die...

#.##.#.......###.##.#
#....#.#.._..###.##.###
#..###.#..............#
#..###.......###.##.#.##
#......####### #.##....#
##.##### #######.##..#.#
.########)### #.....#.###...#
........#...#####.....#......###
........†...##.g@.....###......#
........#...##g##.....# #......#
.########......##..<..# #......#
#†############# #>.....# #.#
#......# #.# #......# #.# ###
########.###
#.#######.###.......>#
#.....∩..#....########


You could see 2 gnolls.

Vanquished Creatures
  An orc wizard (D:2)
  2 adders (D:2)
  2 gnolls
  3 orcs (D:2)
  5 bats
  2 endoplasms (D:1)
  A giant cockroach (D:1)
  A goblin (D:1)
  5 hobgoblins (D:1)
  2 frilled lizards (D:1)
  3 kobolds
  A rat (D:1)
28 creatures vanquished.

Notes
Turn   | Place    | Note
-------+----------+-------------------------------------------
     0 | D:1      | booth the Demonspawn Gladiator began the quest for the Orb.
     0 | D:1      | Reached XP level 1. HP: 16/16 MP: 1/1
   476 | D:1      | Gained mutation: You have a pair of small antennae on your
                  | head. [demonic ancestry]
   476 | D:1      | Reached XP level 2. HP: 22/22 MP: 2/2
  1290 | D:2      | Reached XP level 3. HP: 25/27 MP: 3/3
  1298 | D:2      | Found Xoconub's General Store.
  1364 | D:2      | Found a basalt altar of Yredelemnul.
  1417 | D:2      | Found Hudiddull's Book Emporium.
  1468 | D:2      | Reached skill level 1 in Armour
  1468 | D:2      | Gained mutation: Your demonic aura sometimes causes spilled
                  | blood to erupt in flames. [demonic ancestry]
  1468 | D:2      | Reached XP level 4. HP: 25/34 MP: 4/4
  1525 | D:2      | Slain by a gnoll

Illustrated notes

Levels and vault maps discovered:
D:1:      co_arrival_random_square_maze, layout_loops_corners,
          minmay_split_cup_large
D:2:      mumra_celtic_spiral_tile, layout_loops_cross, basic_altar,
          serial_shops, nicolae_lakefront_shop, nicolae_shop_behind_doors, shop,
          shop, nicolae_diamond_shop, chequers_serial_rivers_room_b, uniq_robin

Skill      XL: |  1  2  3 |
---------------+----------+-----
Throwing       | 2 |  2.0
Axes           | 3 |  3.7
Dodging        | 3 |  3.2
Armour         | 1 |  1.1
Fighting       | |  2.4

Action                   |  1- 3 |  4- 6 || total
-------------------------+-------+-------++-------
Melee: War axe           |    68 |    12 ||    80
       Punch             |     1 |       ||     1
  Use: Scroll            |     3 |       ||     3
Armor: Leather armour    |    29 |     1 ||    30
Dodge: Dodged            |    41 |     7 ||    48
